 Dungeon Crawl Stone Soup version 0.25.1-2-g60ff931df9 (webtiles) character file.

Game seed: 4481908267503204943

81 Revguard the Conjurer (level 4, -1/33 HPs)
             Began as a Demigod Conjurer on Oct 3, 2020.
             Slain by a small abomination (18 damage)
             ... on level 2 of the Abyss.
             The game lasted 00:05:10 (1594 turns).

Revguard the Conjurer (Demigod Conjurer)            Turns: 1594, Time: 00:05:10

Health: -1/33      AC:  2    Str: 11    XL:     4   Next: 0%
Magic:  9/10       EV: 13    Int: 21    God:
Gold:   42         SH:  0    Dex: 16    Spells: 1/7 levels left

rFire    x . .     SeeInvis .   k - +4 spear (venom)
rCold    + . .     Gourm    .   (no shield)
rNeg     . . .     Faith    .   a - +0 robe
rPois    .         Spirit   .   (no helmet)
rElec    .         Reflect  .   (no cloak)
rCorr    .         Harm     .   (no gloves)
MR       .....                  (no boots)
Stlth    ++........             (no amulet)
HPRegen  0.11/turn              d - ring of ice
MPRegen  0.12/turn              (no ring)

@: no status effects
A: high mp 1
a: no special abilities


You were on level 2 of the Abyss.
You were not hungry.

You visited 1 branch of the dungeon, and saw 2 of its levels.
You visited the Abyss 1 time.

You collected 42 gold pieces.

Inventory:

Hand Weapons
 b - a +0 club
 h - a +1 whip of distortion
 k - a +4 spear of venom (weapon)
Armour
 a - a +0 robe (worn)
Jewellery
 d - a ring of ice (left hand)
Scrolls
 e - a scroll of teleportation {unknown}
 f - a scroll of noise {unknown}
 j - a scroll of fear {unknown}
Potions
 g - a potion of curing
Comestibles
 c - 2 rations
 i - 4 chunks of flesh


   Skills:
 + Level 0.2 Maces & Flails
 + Level 2.2 Dodging
 + Level 2.1 Stealth
 + Level 2.2 Spellcasting
 + Level 4.6 Conjurations


You had one spell level left.
You knew the following spells:

 Your Spells              Type           Power        Failure   Level  Hunger
a - Magic Dart            Conj           ###.         2%          1    #......
b - Searing Ray           Conj           ###...       3%          2    ##.....
c - Dazzling Flash        Conj/Hex       ##....       17%         3    ###....

Your spell library contained the following spells:

 Spells                   Type           Power        Failure   Level  Hunger
 Fulminant Prism          Conj/Hex       ##........   50%         4    #####..
 Iskenderun's Mystic Bla  Conj/Tloc      ##......     50%         4    #####..


Dungeon Overview and Level Annotations

Branches:
Dungeon (2/15)


Innate Abilities, Weirdness & Mutations

You have an increased reservoir of magic. (+10% MP)


Message History

Things that are here:
a +4 spear of venom; a gnoll corpse
k - a +4 spear of venom
Found 13 gold pieces.
Really unwield
h - a +1 whip of distortion?
Your +4 spear of venom begins to drip with poison!
k - a +4 spear of venom (weapon)
You are cast into the Abyss!
To return, you must find a gate leading back.
Killing monsters will force the Abyss to allow you passage.
This branch contains the abyssal rune of Zot.
A large abomination comes into view.
A small abomination comes into view.
The small abomination misses you.
You hit the small abomination but do no damage.
The small abomination hits you! The small abomination hits you.
The small abomination completely misses you.
The small abomination hits you!!
Ouch! That really hurt!
You die...

### .# #.# . #.#
. ##.# ##
##@x##### #...##
#.##....## #
...≈###....#...#
#.##
≈≈..###..#.#§.
#...#∩≈##.###.#
.# #...
.....#....# §#
..### #...##.#.#
# #≈.# ##.#.#
##.# ###..


You could see a small abomination.

Vanquished Creatures
  3 gnolls (D:2)
  An adder (D:1)
  A dart slug (D:1)
  A leopard gecko (D:1)
  6 bats (D:1)
  A giant cockroach (D:1)
  2 goblins
  5 hobgoblins
  7 jackals (D:1)
  4 kobolds (D:1)
  2 ball pythons (D:1)
  2 frilled lizards (D:1)
  2 rats (D:1)
37 creatures vanquished.

Vanquished Creatures (others)
  A giant cockroach (D:1)
1 creature vanquished.

Grand Total: 38 creatures vanquished

Notes
Turn   | Place    | Note
-------+----------+-------------------------------------------
     0 | D:1      | Revguard the Demigod Conjurer began the quest for the Orb.
     0 | D:1      | Reached XP level 1. HP: 14/14 MP: 5/5
   114 | D:1      | You fall into a shaft and drop 1 floor!
   119 | D:2      | Noticed an ogre
   249 | D:1      | Reached skill level 4 in Conjurations
   249 | D:1      | Reached XP level 2. HP: 20/20 MP: 2/7
   451 | D:1      | Learned a level 2 spell: Searing Ray
   705 | D:1      | Reached XP level 3. HP: 23/26 MP: 5/8
   716 | D:1      | Learned a level 3 spell: Dazzling Flash
  1513 | D:2      | Reached XP level 4. HP: 33/33 MP: 1/10
  1518 | D:2      | Cast into level 2 of the Abyss (unwielding a weapon of
                  | distortion)
  1579 | Abyss:2  | Noticed a large abomination
  1582 | Abyss:2  | Noticed a small abomination
  1594 | Abyss:2  | Slain by a small abomination

Illustrated notes

Levels and vault maps discovered:
D:1:      grunt_arrival_lava_bath, layout_basic
D:2:      layout_loops_ring, uniq_jessica
Abyss:2:  base:
D:1

Skill      XL: |  1  2  3 |
---------------+----------+-----
Conjurations   | 4 |  4.6
Spellcasting   | 2 |  2.2
Dodging        | 2 |  2.2
Stealth        | 2 |  2.1
Maces & Flails | |  0.2

Action                   |  1- 3 |  4- 6 || total
-------------------------+-------+-------++-------
Melee: Club              |    23 |       ||    23
       Whip              |    13 |       ||    13
       Spear             |       |     1 ||     1
 Cast: Magic Dart        |    36 |       ||    36
       Searing Ray       |     8 |       ||     8
  Use: Potion            |     1 |       ||     1
 Stab: Sleeping          |     1 |       ||     1
  Eat: Chunk             |     3 |       ||     3
Armor: Robe              |    11 |       ||    11
Dodge: Dodged            |    67 |     2 ||    69
